 Dungeon Crawl Stone Soup version 0.24.1-11-gbbbb2193e6 (webtiles) character file.

Game seed: 13270516534175599372, levelgen mode: deterministic

37 Descartes the Shield-Bearer (level 3, -3/30 HPs)
             Began as a Formicid Fighter on May 15, 2020.
             Slain by an ogre
             ... wielding a +0 giant spiked club
              (13 damage)
             ... on level 1 of the Dungeon.
             The game lasted 00:01:20 (613 turns).

Descartes the Shield-Bearer (Formicid Fighter)       Turns: 613, Time: 00:01:21

Health: -3/30      AC: 11    Str: 21    XL:     3   Next: 62%
Magic:  3/3        EV:  8    Int:  7    God:
Gold:   0          SH:  9    Dex: 10    Spells: 2/2 levels left

rFire    . . .     SeeInvis +   a - +0 war axe
rCold    . . .     Gourm    .   c - +0 shield
rNeg     . . .     Faith    .   b - +0 scale mail
rPois    .         Spirit   .   (helmet unavailable)
rElec    .         Reflect  .   (no cloak)
rCorr    .         Harm     .   j - +2 pair of gloves
MR       .....                  h - +0 pair of boots
Stlth    ..........             (no amulet)
HPRegen  0.10/turn              (no ring)
MPRegen  0.08/turn              (no ring)

@: no status effects
A: permanent stasis, dig shafts and tunnels, four strong arms, antennae 3
a: Dig, Shaft Self


You were on level 1 of the Dungeon.
You were not hungry.

You visited 1 branch of the dungeon, and saw 2 of its levels.

Inventory:

Hand Weapons
 a - a +0 war axe (weapon)
Armour
 b - a +0 scale mail (worn)
 c - a +0 shield (worn)
 h - a +0 pair of boots (worn)
 j - a +2 pair of gloves (worn)
Jewellery
 k - an uncursed ring of protection from cold {unknown}
Scrolls
 e - 2 scrolls of identify {unknown}
 l - a scroll of blinking {unknown}
 m - a scroll of teleportation {unknown}
Potions
 d - a potion of might
 i - a potion of curing {unknown}
Comestibles
 f - 3 rations
 g - 5 chunks of flesh


   Skills:
 + Level 3.8 Fighting
 - Level 2.0 Axes
 + Level 3.8 Armour
 + Level 4.2 Shields


You had 2 spell levels left.
You didn't know any spells.
Your spell library was empty.

Dungeon Overview and Level Annotations

Branches:
Dungeon (2/15)

Altars:


Innate Abilities, Weirdness & Mutations

You cannot be hasted, slowed, berserked, paralysed or teleported.
You can dig through walls and to a lower floor.
Your four strong arms can wield two-handed weapons with a shield.
You have a pair of large antennae on your head. (SInv)


Message History

There is a stone staircase leading down here.
You climb downwards.
A quokka and an ogre come into view.
The ogre shouts!
There is a stone staircase leading up here.
An adder comes into view.
The adder hisses angrily.
The quokka barely misses you.
You slash the quokka!
You kill the quokka!
You block the adder's attack.
There is a stone staircase leading up here.
The ogre hits you with a +0 giant spiked club!!
Ouch! That really hurt!
The adder bites you but does no damage.
You climb upwards.
There is a stone staircase leading down here.
The adder barely misses you.
The ogre hits you with a +0 giant spiked club!
You die...

........#
###≈≈≈≈≈≈≈≈≈≈##
........#
#...≈≈≈≈≈≈≈≈##
....)...#
#........≈≈≈≈#
........#
#.........≈≈≈##
...)....#
#.........#≈≈≈#
........#
#.^.......##≈≈#
........#
#.........###≈#
[.......#
#O........# ##
........#
#@S......<#
........#
###########
..[.....#
........#
........#
#########


You could see an ogre and an adder.

Vanquished Creatures
  An ooze (D:1)
  2 dart slugs (D:1)
  2 leopard geckos (D:1)
  A ball python (D:1)
  2 giant cockroaches (D:1)
  A goblin (D:1)
  2 hobgoblins (D:1)
  2 jackals (D:1)
  4 kobolds (D:1)
  A quokka (D:2)
  3 bats (D:1)
  A frilled lizard (D:1)
  3 rats (D:1)
25 creatures vanquished.

Notes
Turn   | Place    | Note
-------+----------+-------------------------------------------
     0 | D:1      | Descartes the Formicid Fighter began the quest for the Orb.
     0 | D:1      | Reached XP level 1. HP: 18/18 MP: 1/1
    81 | D:1      | Reached XP level 2. HP: 20/24 MP: 2/2
   139 | D:1      | Reached skill level 4 in Shields
   289 | D:1      | Reached XP level 3. HP: 30/30 MP: 3/3
   605 | D:2      | Noticed an ogre
   613 | D:1      | Slain by an ogre

Levels and vault maps discovered:
D:1:      lemuel_arrival_river_ford, layout_basic, glass_columns_c
D:2:      layout_loops_ring, gammafunk_temple_overflow_statue,
          amethyst_overflow_temple_binary, first_ration

Skill      XL: |  1  2 |
---------------+-------+-----
Shields        | 4 |  4.2
Fighting       | |  3.8
Axes           | |  2.0
Armour         | |  3.8

Action                   || total
-------------------------++-------
Melee: War axe           ||    55
Armor: Scale mail        ||    26
Dodge: Dodged            ||    21
Block: Shield            ||    33
